 Dungeon Crawl Stone Soup version 0.28-a0-843-gb979743 (webtiles) character file.

Game seed: 7024640166172032188

44 MrTaco21 the Cudgeller (level 3, -11/23 HPs)
             Began as a Gargoyle Fighter on Nov 12, 2021.
             Mangled by an ogre (28 damage)
             ... on level 3 of the Dungeon.
             The game lasted 00:01:49 (1647 turns).

MrTaco21 the Cudgeller (Gargoyle Fighter)           Turns: 1647, Time: 00:01:50

Health: -11/23     AC: 10    Str: 20    XL:     3   Next: 60%
Magic:  3/3        EV:  9    Int:  8    God:
Gold:   55         SH:  4    Dex:  9    Spells: 2/2 levels left

rFire   . . .      SeeInvis .   a - +0 flail
rCold   . . .      Faith    .   c - +0 buckler
rNeg    + . .      Spirit   .   b - +0 scale mail
rPois   ∞          Reflect  .   (no helmet)
rElec   +          Harm     .   (no cloak)
rCorr   .          Rampage  .   (no gloves)
Will    .....                   (no boots)
Stlth   ..........              (no amulet)
HPRegen 0.07/turn               (no ring)
MPRegen 0.08/turn               (no ring)

@: no status effects
A: sickness immunity, AC +3, negative energy resistance 1, electricity
resistance, torment resistance 1, petrification resistance
a: no special abilities


You were on level 3 of the Dungeon.
You visited 1 branch of the dungeon, and saw 3 of its levels.

You collected 55 gold pieces.

Inventory:

Hand Weapons
 a - a +0 flail (weapon)
Armour
 b - a +0 scale mail (worn)
 c - a +0 buckler (worn)
Jewellery
 l - a +4 ring of protection
   (You took it off a goblin on level 2 of the Dungeon)
Scrolls
 e - a scroll of noise {unknown}
 f - a scroll of identify {unknown}
 g - a scroll of enchant weapon {unknown}
 h - 4 scrolls of teleportation {unknown}
 k - a scroll of holy word {unknown}
 o - a scroll of brand weapon {unknown}
Potions
 d - a potion of might
 i - a potion of attraction {unknown}
 j - a potion of resistance {unknown}
 m - a potion of degeneration {unknown}
 n - a potion of lignification {unknown}
 p - a potion of berserk rage {unknown}


   Skills:
 - Level 3.2 Fighting
 + Level 3.9 Maces & Flails
 - Level 3.2 Armour
 - Level 3.2 Shields


You had 2 spell levels left.
You didn't know any spells.
Your spell library was empty.

Dungeon Overview and Level Annotations

Branches:
Dungeon (3/15)

Altars:
Zin


Innate Abilities, Weirdness & Mutations

You are immune to sickness and miasma.
Your stone body is resilient. (AC +3)
You are immune to poison.
You resist negative energy. (rN+)
You are resistant to electric shocks. (rElec)
You are resistant to unholy torment.
You are immune to petrification.


Message History

The goblin barely misses you.
You see here 17 gold pieces.
You hit the goblin. The goblin hits you with a +0 club.
You barely miss the goblin. The goblin hits you but does no damage.
You closely miss the goblin. You block the goblin's attack.
You hit the goblin.
You kill the goblin!
No target in view!
No target in view!
No target in view!
No target in view!
No target in view!
No target in view!
No target in view!
No target in view!
No target in view!
No target in view!
No target in view!
You now have 49 gold pieces (gained 17).
You see here a +0 club.
Found 21 bolts.
Found a dagger.
Done exploring.
No target in view!
No target in view!
No target in view!
Done exploring.
Done exploring.
Search for what [Enter for "."]? .
There is a stone staircase leading down here.
There is a stone staircase leading down here.
You climb downwards.
Found 6 gold pieces.
There is a stone staircase leading up here.
You now have 55 gold pieces (gained 6).
A ball python comes into view.
The ball python hisses angrily.
A ball python is nearby!
A ball python is nearby!
An ogre comes into view. It is wielding a +0 giant club.
The ogre shouts!
You thump the ball python!
You kill the ball python!
You barely miss the ogre. You block the ogre's attack.
You hit the ogre. The ogre hits you with a +0 giant club.
You sock the ogre! You sock the ogre!
The ogre hits you with a +0 giant club!!
Ouch! That really hurt!
You die...

..#. ####.#.#
#......### #........
###........ ^........
###......#######.#...
.............@O......
####.....#######.#...
.........<.......
..######...######
#....... ...#####
..... ##....# ...#.#


You could see an ogre.

Vanquished Creatures
  A worm (D:2)
  A dart slug (D:1)
  3 ball pythons
  An endoplasm (D:1)
  A giant cockroach (D:1)
  4 goblins
  3 hobgoblins (D:1)
  6 jackals
  2 quokkas
  3 bats
  4 frilled lizards (D:1)
  4 kobolds (D:1)
  A rat (D:2)
34 creatures vanquished.

Notes
Turn   | Place    | Note
-------+----------+-------------------------------------------
     0 | D:1      | MrTaco21 the Gargoyle Fighter began the quest for the Orb.
     0 | D:1      | Reached XP level 1. HP: 14/14 MP: 1/1
   271 | D:1      | Reached XP level 2. HP: 19/19 MP: 2/2
   695 | D:1      | Reached XP level 3. HP: 23/23 MP: 3/3
   913 | D:2      | Found a glowing silver altar of Zin.
  1044 | D:2      | Found a faded altar of an unknown god.
  1640 | D:3      | Noticed an ogre
  1647 | D:3      | Mangled by an ogre

Illustrated notes

Levels and vault maps discovered:
D:1:      lemuel_arrival_hallway, layout_basic, hangedman_decor_points,
          corexii_leaking_fountain, minmay_pentomino_x4
D:2:      layout_loops_ring, hellmonk_ecumenical_altar_dog_temple, basic_altar,
          hangedman_decor_opposing
D:3:      layout_basic, minmay_quadrilaterals

Skill      XL: |  1  2 |
---------------+-------+-----
Maces & Flails | 3 |  3.9
Fighting       | |  3.2
Armour         | |  3.2
Shields        | |  3.2

Action                   || total
-------------------------++-------
Melee: Flail             ||   117
Armor: Scale mail        ||    74
Dodge: Dodged            ||    51
Block: Buckler           ||    25

Table legend: (Time is in decaauts)
 A = Elapsed time spent in this place.
 B = Non-inter-level travel time spent in this place.
 C = Inter-level travel time spent in this place.
 D = Time resting spent in this place.
 E = Time spent auto-exploring this place.
 F = Levels seen in this place.
 G = Mean time per level.
                   A        B        C        D        E       F      G
               +--------+--------+--------+--------+--------+-----+--------+
         Total |   1675 |   1557 |    118 |    172 |   1115 |   3 |  558.3 |
       Dungeon |   1675 |   1557 |    118 |    172 |   1115 |   3 |  558.3 |
               +--------+--------+--------+--------+--------+-----+--------+

Top non-repeatable levels by time:
     D:1: 911 daAuts
     D:2: 749 daAuts
     D:3: 14 daAuts
